 Dungeon Crawl Stone Soup version 0.19.0-9-gfd783f2 (webtiles) character file.

78 Gingerlord the Skirmisher (level 4, -5/37 HPs)
             Began as a Formicid Abyssal Knight on Nov 7, 2016.
             Was a Believer of Lugonu.
             Killed by nerve-wracking pain
             ... invoked by Grinder
              (14 damage)
             ... on level 3 of the Dungeon.
             The game lasted 00:04:41 (2289 turns).

Gingerlord the Skirmisher (Formicid Abyssal Knight) Turns: 2289, Time: 00:04:42

Health: -5/37      AC:  5    Str: 17    XL:     4   Next: 61%
Magic:  6/6        EV: 10    Int: 12    God:    Lugonu [**....]
Gold:   159        SH:  3    Dex: 10    Spells: 0 memorised, 3 levels left

rFire  + . .     SeeInvis +     a - +1 spear
rCold  + . .     Gourm    .     k - +0 ring mail
rNeg   . . .     Faith    .     l - +0 buckler
rPois  +         Spirit   .     (helmet unavailable)
rElec  +         Reflect  .     (no cloak)
rCorr  +         Harm     .     (no gloves)
MR     .....                    (no boots)
Stlth  ..........               (no amulet)
                                (no ring)
                                (no ring)

@: resistant
A: permanent stasis, dig shafts and tunnels, four strong arms, antennae 3
a: Dig, Shaft Self, Depart the Abyss, Bend Space, Renounce Religion


You were on level 3 of the Dungeon.
You worshipped Lugonu.
Lugonu was pleased with you.
You were not hungry.

You visited 1 branch of the dungeon, and saw 4 of its levels.
You visited the Abyss 1 time.

You collected 159 gold pieces.

Inventory:

Hand Weapons
 a - a +1 spear (weapon)
Armour
 k - a +0 ring mail (worn)
 l - a +0 buckler (worn)
Scrolls
 e - 3 scrolls of random uselessness {unknown}
 f - 4 scrolls of fog {unknown}
 g - a scroll of blinking {unknown}
 i - 7 scrolls of identify {unknown}
 j - a scroll of teleportation {unknown}
 n - a scroll of recharging {unknown}
 q - a scroll of amnesia {unknown}
Potions
 b - a potion of magic {unknown}
 d - a potion of curing {unknown}
 h - a potion of resistance
 p - a potion of cancellation {unknown}
 s - a potion of lignification {unknown}
Comestibles
 c - a bread ration
 m - 3 meat rations
 o - 4 fruits
 r - 2 beef jerkies


   Skills:
 + Level 3.7 Fighting
 + Level 2.7 Polearms
 + Level 3.1 Armour
 + Level 1.6 Dodging
 + Level 0.5 Shields
 + Level 2.7 Invocations


You had 3 spell levels left.
You didn't know any spells.

Dungeon Overview and Level Annotations

Branches:
Dungeon (4/15)
 Temple: D:4-7

Altars:
Ashenzari
Vehumet

Annotations:
D:3 Grinder


Innate Abilities, Weirdness & Mutations

You are under a permanent stasis effect.
You can dig through walls and to a lower floor.
Your four strong arms can wield two-handed weapons with a shield.
You have a pair of large antennae on your head. (SInv)


Message History

You closely miss Grinder. Grinder hits you.
You writhe in agony.
Grinder barely misses you.
Your ring mail prevents you from hitting Grinder.
Grinder hits you.
You writhe in agony.
You barely miss Grinder. You closely miss Grinder. Grinder closely misses you.
You hit Grinder.
Grinder is lightly wounded.
Grinder hits you.
You writhe in agony.
You barely miss Grinder.
Grinder is lightly wounded.
Grinder hits you.
* * * LOW HITPOINT WARNING * * *
You are too injured to fight recklessly!
You are too injured to fight recklessly!
You are too injured to fight recklessly!
Grinder says, "Don't move a muscle."
Grinder gestures at you. Pain shoots through your body!
You die...

#..... ########## #####.....###
##...?..... .............
....$..... ## ............#
#......... #. ............#
#......... #.
......##...5#####.........######.
......##.........................
.....###....##########.......###.
............5...@..........†...>.
.....####...###########.......##.
...(............... #.......#..
.(..........######. ##....#.#..
............# #....#.#..
........)...# #....#.#..
.....<......# #....#.#..
............# ##...#.#..
............# ##...#.#..


You could see Grinder.

Vanquished Creatures
  A howler monkey zombie (D:3)
  2 adders (D:2)
  2 leopard geckos (D:1)
  3 bats
  4 giant cockroaches
  4 goblins
  7 hobgoblins
  11 kobolds
  2 quokkas (D:2)
  2 ball pythons
  2 frilled lizards
  5 rats
45 creatures vanquished.

Notes
Turn   | Place    | Note
-------+----------+-------------------------------------------
     0 | Abyss:1  | Gingerlord the Formicid Abyssal Knight began the quest for the Orb.
     0 | Abyss:1  | Reached XP level 1. HP: 18/18 MP: 2/2
     7 | Abyss:1  | Found a corrupted altar of Lugonu.
    40 | Abyss:1  | Noticed an orange demon
    41 | Abyss:1  | Noticed an insubstantial wisp
    41 | D:1      | Escaped the Abyss
   101 | D:1      | Reached skill level 1 in Dodging
   113 | D:1      | Reached * piety under Lugonu
   177 | D:1      | Reached XP level 2. HP: 24/24 MP: 3/3
   582 | D:1      | Reached XP level 3. HP: 24/29 MP: 4/4
  1181 | D:2      | Reached XP level 4. HP: 33/36 MP: 5/5
  1344 | D:2      | Reached ** piety under Lugonu
  1608 | D:3      | Found a shattered altar of Ashenzari.
  1660 | D:3      | Found a radiant altar of Vehumet.
  1798 | D:3      | Noticed Grinder
  1817 | D:4      | Noticed an ogre
  2289 | D:3      | Killed from afar by Grinder

Skill      XL: |  1  2  3  4 |
---------------+-------------+-----
Dodging        | 1 |  1.6
Armour         | 3 |  3.1
Fighting       | |  3.7
Polearms       | |  2.7
Shields        | |  0.5
Invocations    | |  2.7

Action                   |  1- 3 |  4- 6 || total
-------------------------+-------+-------++-------
Melee: Spear             |   118 |    61 ||   179
Invok: Depart the Abyss  |     1 |       ||     1
       Bend Space        |       |     3 ||     3
  Use: Potion            |     1 |     1 ||     2
  Eat: Chunk             |     1 |     1 ||     2
       Bread ration      |       |     1 ||     1
Armor: Leather armour    |     2 |       ||     2
       Ring mail         |    37 |    15 ||    52
Dodge: Dodged            |    53 |    21 ||    74
Block: Buckler           |     8 |     4 ||    12
